TOP OF THE 1ST |
Tulsa Drillers batting - Pitching for San Antonio Missions : RHP Bill Jacobs
|
Pitching: RHP Bill Jacobs
|
|
Batting: RHB Marcos Villalobos
|
0-0: Called Strike 0-1: Ground out U3 (Groundball, 3S, EV 88.1 MPH)
|
Batting: SHB Nate Kopchak
|
0-0: Ball 1-0: Foul Ball, location: 2F 1-1: Ball 2-1: Foul Ball, location: 2F 2-2: Foul Ball, location: 2F 2-2: Foul Ball, location: 2F 2-2: Ball 3-2: Foul Ball, location: 2F 3-2: Foul Ball, location: 2F 3-2: Foul Ball, location: 2F 3-2: Foul Ball, location: 2F 3-2: Base on Balls
|
Batting: LHB Kevin Wiebe
|
0-0: Ball Nate Kopchak steals 2nd base 1-0: Called Strike 1-1: Ball 2-1: Ball 3-1: SINGLE (Line Drive, 7LS, EV 105.6 MPH) Nate Kopchak to third Runner from 3rd tries for Home, SAFE, throw by LF to home
|
Batting: LHB Chris Buchan
|
0-0: Ball 1-0: Fly out, F8 (Flyball, 8LD, EV 100.6 MPH)
|
Batting: RHB Aaron Burress
|
0-0: Called Strike 0-1: Ball 1-1: Called Strike 1-2: Ball 2-2: Ball 3-2: Ground out 1-3 (Groundball, 34S, EV 66.2 MPH)
|
Top of the 1st over - 1 run, 1 hit, 0 errors, 1 left on base; Tulsa 1 - San Antonio 0 |
BOTTOM OF THE 1ST |
San Antonio Missions batting - Pitching for Tulsa Drillers : RHP Will Lane
|
Pitching: RHP Will Lane
|
|
Batting: RHB Dave McBain
|
0-0: Ball 1-0: Ball 2-0: Swinging Strike 2-1: Bunt missed! 2-2: Ground out 5-3 (Groundball, 56S, EV 76.9 MPH)
|
Batting: LHB Matt Patnaude
|
0-0: Foul Ball, location: 2F 0-1: Called Strike 0-2: SINGLE (Groundball, 23, EV 68.1 MPH) (infield hit)
|
Batting: RHB Mike Maserang
|
0-0: Foul Ball, location: 2F 0-1: Ball 1-1: Foul Ball, location: 2F 1-2: Fielders Choice at 2nd, 3-6 (Groundball, 3, EV 98.1 MPH)
|
Batting: RHB John Freeman
|
0-0: Ball 1-0: Called Strike 1-1: Ball 2-1: Ground out 4-3 (Groundball, 4, EV 85.6 MPH)
|
Bottom of the 1st over - 0 runs, 1 hit, 0 errors, 1 left on base; Tulsa 1 - San Antonio 0 |
TOP OF THE 2ND |
Tulsa Drillers batting - Pitching for San Antonio Missions : RHP Bill Jacobs
|
Batting: RHB Daniel Samano
|
0-0: Hit by Pitch
|
Pinch Runner at 1st Jonathan Kirsch:
|
|
Batting: SHB Justin Toth
|
0-0: Ball 1-0: Grounds into double play, 4-6-3 (Groundball, 3, EV 104.4 MPH)
|
Batting: RHB Nick Getz
|
0-0: Ball 1-0: Ball 2-0: Fly out, F9 (Flyball, 9, EV 90.0 MPH)
|
Top of the 2nd over - 0 runs, 0 hits, 0 errors, 0 left on base; Tulsa 1 - San Antonio 0 |
BOTTOM OF THE 2ND |
San Antonio Missions batting - Pitching for Tulsa Drillers : RHP Will Lane
|
Now at C: Jonathan Kirsch
|
|
Batting: RHB Joe Weissman
|
0-0: Ball 1-0: Ball 2-0: Ball 3-0: Called Strike 3-1: Foul Ball, location: 2F 3-2: Ground out 4-3 (Groundball, 4M, EV 99.4 MPH)
|
Batting: RHB Adrian Martinelli
|
0-0: Swinging Strike 0-1: DOUBLE (Line Drive, 78D, EV 106.2 MPH)
|
Batting: RHB David Aguilar
|
0-0: Swinging Strike 0-1: Foul Ball, location: 2F 0-2: Strikes out looking
|
Batting: LHB Josh Slusarczyk
|
0-0: Foul Ball, location: 2F 0-1: Foul Ball, location: 2F 0-2: Strikes out looking
|
Bottom of the 2nd over - 0 runs, 1 hit, 0 errors, 1 left on base; Tulsa 1 - San Antonio 0 |
TOP OF THE 3RD |
Tulsa Drillers batting - Pitching for San Antonio Missions : RHP Bill Jacobs
|
Batting: RHB Kyle Garrett
|
0-0: Ball 1-0: Called Strike 1-1: Ball 2-1: Ground out 5-3 (Groundball, 56, EV 83.8 MPH)
|
Batting: RHB Marcos Villalobos
|
0-0: Ball 1-0: Swinging Strike 1-1: Ball 2-1: Called Strike 2-2: SINGLE (Line Drive, 3D, EV 96.2 MPH)
|
Batting: SHB Nate Kopchak
|
0-0: Ball 1-0: Foul Ball, location: 2F 1-1: Ball 2-1: Grounds out, U3 (Groundball, 3L, EV 103.1 MPH)
|
Batting: LHB Kevin Wiebe
|
0-0: Ball 1-0: Ball 2-0: Ball 3-0: Foul Ball, location: 2F 3-1: Called Strike 3-2: Fly out, F8 (Flyball, 89D, EV 78.1 MPH)
|
Top of the 3rd over - 0 runs, 1 hit, 0 errors, 1 left on base; Tulsa 1 - San Antonio 0 |
BOTTOM OF THE 3RD |
San Antonio Missions batting - Pitching for Tulsa Drillers : RHP Will Lane
|
Batting: RHB Roberto Monzon
|
0-0: Foul Ball, location: 2F 0-1: Called Strike 0-2: Strikes out looking
|
Batting: RHB Dave McBain
|
0-0: SINGLE (Groundball, 56D, EV 100.6 MPH)
|
Batting: LHB Matt Patnaude
|
0-0: Called Strike 0-1: SINGLE (Line Drive, 7S, EV 101.9 MPH) Dave McBain to second
|
Batting: RHB Mike Maserang
|
0-0: SINGLE (Line Drive, 9S, EV 111.9 MPH) Dave McBain to third Matt Patnaude to second
|
Batting: RHB John Freeman
|
0-0: Ball 1-0: Ball Passed Ball! Dave McBain scores Matt Patnaude to third Mike Maserang to second 2-0: Called Strike 2-1: Ball 3-1: SINGLE (Flyball, 3D, EV 85.6 MPH) Matt Patnaude scores Mike Maserang to third
|
Batting: RHB Joe Weissman
|
0-0: Foul Ball, location: 2F 0-1: Ball 1-1: Ball 2-1: Swinging Strike 2-2: SINGLE (Flyball, 4D, EV 90.6 MPH) Mike Maserang scores John Freeman to second
|
Batting: RHB Adrian Martinelli
|
0-0: Called Strike 0-1: Called Strike 0-2: Strikes out swinging
|
Batting: RHB David Aguilar
|
0-0: DOUBLE (Line Drive, 89D, EV 106.2 MPH) John Freeman scores Joe Weissman to third Runner from 3rd tries for Home, SAFE, throw by RF to trailing runner, SAFE at third!
|
Batting: LHB Josh Slusarczyk
|
0-0: Ball 1-0: SINGLE (Groundball, 4MD, EV 103.1 MPH) David Aguilar scores
|
Pitching: RHP Nobuharu Kobayashi
|
|
Batting: RHB Roberto Monzon
|
0-0: Ball 1-0: Called Strike 1-1: SINGLE (Line Drive, 8RS, EV 108.1 MPH) Josh Slusarczyk to second Runner from 2nd tries for 3rd, SAFE, no throw by CF
|
Batting: RHB Dave McBain
|
0-0: Ground out 6-3 (Groundball, 4MS, EV 83.1 MPH)
|
Bottom of the 3rd over - 6 runs, 8 hits, 0 errors, 2 left on base; Tulsa 1 - San Antonio 6 |
TOP OF THE 4TH |
Tulsa Drillers batting - Pitching for San Antonio Missions : RHP Bill Jacobs
|
Batting: LHB Chris Buchan
|
0-0: Ball 1-0: Ball 2-0: Foul Ball, location: 2F 2-1: Fly out, F7 (Flyball, 7LD, EV 93.8 MPH)
|
Batting: RHB Aaron Burress
|
0-0: Foul Ball, location: 2F 0-1: Swinging Strike 0-2: Ball 1-2: Fly out, F9 (Flyball, 9D, EV 110.0 MPH)
|
Batting: RHB Jonathan Kirsch
|
0-0: Foul Ball, location: 2F 0-1: SINGLE (Groundball, 4, EV 83.1 MPH) (infield hit)
|
Batting: SHB Justin Toth
|
0-0: Ball 1-0: Ball 2-0: Foul Ball, location: 2F 2-1: Ball 3-1: Base on Balls Jonathan Kirsch to second
|
Batting: RHB Nick Getz
|
0-0: Ball 1-0: Called Strike 1-1: Ball 2-1: Ball 3-1: SINGLE (Line Drive, 8LS, EV 112.5 MPH) Jonathan Kirsch to third Justin Toth to second Runner from 3rd tries for Home, SAFE, throw by CF to home
|
Batting: RHB Kyle Garrett
|
0-0: Fly out, F9 (Flyball, 9S, EV 73.1 MPH)
|
Top of the 4th over - 1 run, 2 hits, 0 errors, 2 left on base; Tulsa 2 - San Antonio 6 |
BOTTOM OF THE 4TH |
San Antonio Missions batting - Pitching for Tulsa Drillers : RHP Nobuharu Kobayashi
|
Batting: LHB Matt Patnaude
|
0-0: Called Strike 0-1: Ball 1-1: Called Strike 1-2: Foul Ball, location: 2F 1-2: Foul Ball, location: 2F 1-2: Ball 2-2: Strikes out looking
|
Batting: RHB Mike Maserang
|
0-0: Called Strike 0-1: Ball 1-1: Called Strike 1-2: Foul Ball, location: 2F 1-2: Ball 2-2: Ball 3-2: Foul Ball, location: 2F 3-2: Strikes out swinging
|
Batting: RHB John Freeman
|
0-0: Ball 1-0: Ball 2-0: Called Strike 2-1: Called Strike 2-2: Foul Ball, location: 2F 2-2: Foul Ball, location: 2F 2-2: Foul Ball, location: 2F 2-2: Foul Ball, location: 2F 2-2: Foul Ball, location: 2F 2-2: Foul Ball, location: 2F 2-2: Ball 3-2: Strikes out swinging
|
Bottom of the 4th over - 0 runs, 0 hits, 0 errors, 0 left on base; Tulsa 2 - San Antonio 6 |
TOP OF THE 5TH |
Tulsa Drillers batting - Pitching for San Antonio Missions : RHP Bill Jacobs
|
Batting: RHB Marcos Villalobos
|
0-0: Ball 1-0: Ball 2-0: Called Strike 2-1: Called Strike 2-2: Fly out, F8 (Flyball, 8LD, EV 98.1 MPH)
|
Batting: SHB Nate Kopchak
|
0-0: Called Strike 0-1: Ball 1-1: Called Strike 1-2: Ball 2-2: SINGLE (Groundball, 34S, EV 72.5 MPH) (infield hit)
|
Batting: LHB Kevin Wiebe
|
0-0: Ball Nate Kopchak is caught stealing 2nd base 2-6 1-0: Swinging Strike 1-1: Foul Ball, location: 2F 1-2: Strikes out swinging
|
Top of the 5th over - 0 runs, 1 hit, 0 errors, 0 left on base; Tulsa 2 - San Antonio 6 |
BOTTOM OF THE 5TH |
San Antonio Missions batting - Pitching for Tulsa Drillers : RHP Nobuharu Kobayashi
|
Batting: RHB Joe Weissman
|
0-0: Called Strike 0-1: Ball 1-1: Swinging Strike 1-2: Strikes out swinging
|
Batting: RHB Adrian Martinelli
|
0-0: Ground out 6-3 (Groundball, 6, EV 88.8 MPH)
|
Batting: RHB David Aguilar
|
0-0: Called Strike 0-1: Ball 1-1: Ball 2-1: Ball 3-1: Ground out 6-3 (Groundball, 6, EV 100.6 MPH)
|
Bottom of the 5th over - 0 runs, 0 hits, 0 errors, 0 left on base; Tulsa 2 - San Antonio 6 |
TOP OF THE 6TH |
Tulsa Drillers batting - Pitching for San Antonio Missions : RHP Bill Jacobs
|
Batting: LHB Chris Buchan
|
0-0: Ball 1-0: SOLO HOME RUN (Flyball, 89XD, EV 101.2 MPH), Distance : 397 ft
|
Batting: RHB Aaron Burress
|
0-0: Ball 1-0: Called Strike 1-1: Ball 2-1: Called Strike 2-2: Fly out, F3 (Line Drive, 4, EV 68.8 MPH)
|
Batting: RHB Jonathan Kirsch
|
0-0: SINGLE (Groundball, 34D, EV 99.4 MPH)
|
Batting: SHB Justin Toth
|
0-0: Ball 1-0: Called Strike 1-1: Ball 2-1: Foul Ball, location: 2F 2-2: Strikes out swinging
|
Pitching: RHP Moby Cock
|
|
Batting: RHB Nick Getz
|
0-0: Foul Ball, location: 2F 0-1: Foul Ball, location: 2F 0-2: Ball 1-2: Ball 2-2: Strikes out swinging
|
Top of the 6th over - 1 run, 2 hits, 0 errors, 1 left on base; Tulsa 3 - San Antonio 6 |
BOTTOM OF THE 6TH |
San Antonio Missions batting - Pitching for Tulsa Drillers : RHP Nobuharu Kobayashi
|
Batting: LHB Josh Slusarczyk
|
0-0: Foul Ball, location: 2F 0-1: Foul Ball, location: 2F 0-2: Ball 1-2: Ground out U3 (Groundball, 3, EV 100.6 MPH)
|
Batting: RHB Roberto Monzon
|
0-0: Called Strike 0-1: Called Strike 0-2: Ball 1-2: Ball 2-2: Strikes out swinging
|
Batting: RHB Dave McBain
|
0-0: Fly out, F9 (Flyball, 89M, EV 91.2 MPH)
|
Bottom of the 6th over - 0 runs, 0 hits, 0 errors, 0 left on base; Tulsa 3 - San Antonio 6 |
TOP OF THE 7TH |
Tulsa Drillers batting - Pitching for San Antonio Missions : RHP Moby Cock
|
Batting: RHB Kyle Garrett
|
0-0: Called Strike 0-1: Fly out, F9 (Flyball, 89S, EV 85.6 MPH)
|
Batting: RHB Marcos Villalobos
|
0-0: Ball 1-0: Fly out, F3 (Line Drive, 3L, EV 68.8 MPH)
|
Batting: SHB Nate Kopchak
|
0-0: Foul Ball, location: 2F 0-1: Ball 1-1: Ball 2-1: Ball 3-1: Called Strike 3-2: Foul Ball, location: 2F 3-2: Strikes out swinging
|
Top of the 7th over - 0 runs, 0 hits, 0 errors, 0 left on base; Tulsa 3 - San Antonio 6 |
BOTTOM OF THE 7TH |
San Antonio Missions batting - Pitching for Tulsa Drillers : RHP Nobuharu Kobayashi
|
Pitching: LHP William Lobo
|
|
Batting: LHB Matt Patnaude
|
0-0: SINGLE (Line Drive, 8RS, EV 105.0 MPH)
|
Batting: RHB Mike Maserang
|
0-0: Ball 1-0: SINGLE (Line Drive, 3D, EV 100.0 MPH) Matt Patnaude to second Runner from 2nd tries for 3rd, SAFE, no throw by RF
|
Batting: RHB John Freeman
|
0-0: SINGLE (Groundball, 4MD, EV 108.1 MPH) Matt Patnaude scores Mike Maserang to second
|
Batting: RHB Joe Weissman
|
0-0: Called Strike 0-1: Swinging Strike 0-2: Ball 1-2: Ball 2-2: Grounds into double play, 4-6-3 (Groundball, 4, EV 108.1 MPH) Mike Maserang to third
|
Batting: RHB Adrian Martinelli
|
0-0: Swinging Strike 0-1: Swinging Strike 0-2: Foul Ball, location: 2F 0-2: Foul Ball, location: 2F 0-2: Ball Wild Pitch! Mike Maserang scores 1-2: Ball 2-2: Foul Ball, location: 2F 2-2: Foul Ball, location: 2F 2-2: Strikes out swinging
|
Bottom of the 7th over - 2 runs, 3 hits, 0 errors, 0 left on base; Tulsa 3 - San Antonio 8 |
TOP OF THE 8TH |
Tulsa Drillers batting - Pitching for San Antonio Missions : RHP Moby Cock
|
Batting: LHB Kevin Wiebe
|
0-0: Called Strike 0-1: Ball 1-1: Fly out, F8 (Flyball, 89M, EV 77.5 MPH)
|
Batting: LHB Chris Buchan
|
0-0: Ball 1-0: Foul Ball, location: 2F 1-1: Called Strike 1-2: Ball 2-2: Ball 3-2: Foul Ball, location: 2F 3-2: Strikes out swinging, 2-3 out at first.
|
Batting: RHB Aaron Burress
|
0-0: Called Strike 0-1: Ball 1-1: Ball 2-1: Foul Ball, location: 2F 2-2: Ball 3-2: Fly out, F2 (Popup, 2RF, EV 90.6 MPH)
|
Top of the 8th over - 0 runs, 0 hits, 0 errors, 0 left on base; Tulsa 3 - San Antonio 8 |
BOTTOM OF THE 8TH |
San Antonio Missions batting - Pitching for Tulsa Drillers : LHP William Lobo
|
Batting: RHB David Aguilar
|
0-0: Called Strike 0-1: Ball 1-1: Called Strike 1-2: Strikes out swinging
|
Batting: LHB Josh Slusarczyk
|
0-0: Ball 1-0: SOLO HOME RUN (Flyball, 9D, EV 100.6 MPH), Distance : 380 ft
|
Pitching: RHP Carlos Llamas
|
|
Batting: RHB Roberto Monzon
|
0-0: Ball 1-0: Called Strike 1-1: Ball 2-1: Ground out 4-3 (Groundball, 4, EV 88.1 MPH)
|
Batting: RHB Dave McBain
|
0-0: Ball 1-0: Swinging Strike 1-1: Called Strike 1-2: Ball 2-2: Strikes out looking
|
Bottom of the 8th over - 1 run, 1 hit, 0 errors, 0 left on base; Tulsa 3 - San Antonio 9 |
TOP OF THE 9TH |
Tulsa Drillers batting - Pitching for San Antonio Missions : RHP Moby Cock
|
Batting: RHB Jonathan Kirsch
|
0-0: Called Strike 0-1: Foul Ball, location: 2F 0-2: Ground out 6-3 (Groundball, 56, EV 103.8 MPH)
|
Batting: SHB Justin Toth
|
0-0: Ball 1-0: Called Strike 1-1: Ground out 6-3 (Groundball, 4MS, EV 85.6 MPH)
|
Batting: RHB Nick Getz
|
0-0: Ball 1-0: Swinging Strike 1-1: Called Strike 1-2: Ball 2-2: Ball 3-2: Base on Balls
|
Batting: RHB Kyle Garrett
|
0-0: Called Strike 0-1: SINGLE (Groundball, 6D, EV 107.5 MPH) Nick Getz to second
|
Batting: RHB Marcos Villalobos
|
0-0: Swinging Strike 0-1: Ball 1-1: Foul Ball, location: 2F 1-2: Strikes out swinging
|
Top of the 9th over - 0 runs, 1 hit, 0 errors, 2 left on base; Tulsa 3 - San Antonio 9 |
|